 Dungeon Crawl Stone Soup version 0.23.0 (webtiles) character file.

Game seed: 13511247186986172726

141 grindst0ne the Cutter (level 5, 0/34 HPs)
             Began as a Kobold Berserker on Feb 11, 2019.
             Was a Priest of Trog.
             Killed from afar by an orc wizard (5 damage)
             ... with a magic dart
             ... on level 2 of the Dungeon.
             The game lasted 00:03:35 (2101 turns).

grindst0ne the Cutter (Kobold Berserker)            Turns: 2101, Time: 00:03:36

Health: 0/34       AC:  6    Str: 16    XL:     5   Next: 48%
Magic:  5/5        EV: 14    Int:  8    God:    Trog [***...]
Gold:   53         SH:  0    Dex: 19    Spells: 4/4 levels left

rFire    + . .     SeeInvis .   a - +0 short sword
rCold    + . .     Gourm    .   (shield restricted)
rNeg     . . .     Faith    .   g - +0 scale mail
rPois    +         Spirit   .   (no helmet)
rElec    +         Reflect  .   (no cloak)
rCorr    +         Harm     .   (no gloves)
MR       .....                  (no boots)
Stlth    ..........             (no amulet)
HPRegen  0.11/turn              d - +5 ring of dexterity
MPRegen  0.09/turn              (no ring)

@: resistant, berserk cooldown, slowed, very slow
A: small, carnivore
a: Berserk, Trog's Hand, Renounce Religion


You were on level 2 of the Dungeon.
You worshipped Trog.
Trog was most pleased with you.
You were very full.

You visited 1 branch of the dungeon, and saw 3 of its levels.

You collected 53 gold pieces.

Inventory:

Hand Weapons
 a - a +0 short sword (weapon)
Armour
 b - a +0 animal skin
 g - a +0 scale mail (worn)
 s - a +0 chain mail
Jewellery
 d - a +5 ring of dexterity (left hand)
Scrolls
 e - 2 scrolls of teleportation {unknown}
 h - 4 scrolls of identify {unknown}
 l - a scroll of amnesia {unknown}
 m - a scroll of immolation {unknown}
 n - a scroll of blinking {unknown}
 o - a scroll of remove curse {unknown}
 q - a scroll of magic mapping {unknown}
 r - a scroll of noise {unknown}
Potions
 k - a potion of heal wounds {unknown}
 p - a potion of resistance
Comestibles
 c - 6 rations
 f - 2 chunks of flesh


   Skills:
 + Level 4.5 Fighting
 + Level 5.4 Short Blades
 - Level 1.5 Armour
 + Level 4.1 Dodging


You had 4 spell levels left.
You didn't know any spells.
Your spell library was empty.

Dungeon Overview and Level Annotations

Branches:
Dungeon (3/15)

Altars:
Okawaru
Zin


Innate Abilities, Weirdness & Mutations

You are small and have problems with some larger weapons.
You are carnivorous and can eat meat at any time.


Message History

A red film seems to cover your vision as you go berserk!
You feel yourself moving faster!
You feel mighty!
You feel a lot less full.
The orc wizard hits you but does no damage.
The orc wizard gestures wildly while chanting.
The orc wizard blinks!
You feel a strong urge to attack something.
The orc wizard points at you and mumbles some strange words.
You resist with some effort.
You feel your anger nearly subside.
You barely miss the orc wizard.
The orc wizard is lightly wounded.
The orc wizard hits you but does no damage.
You puncture the orc wizard!
The orc wizard is severely wounded.
You are no longer berserk.
You are exhausted.
You feel yourself slow down.
The orc wizard gestures at you while chanting.
The magic dart hits you.
You die...

.##.#.#.##.#..##.##.#
..............##.##.########
##.#...♣...#..##...........#
......♣.♣....###.##.######.#
#....♣.♣.♣...###.##.# #.#
....♣.♣.♣.♣...##.##.# #.#
...♣.♣._.♣.♣[.##.##†######.#
....♣.♣.♣.♣........>.....#.#
.#...♣.♣.♣.....o@######.##.#
......♣.♣....)........#.##.#
...#...♣...#..........#.##.#
.............#######..#.##.#
.###.####....# #..#.##.#
.........#.#.#######..#.##.#
.....###.#.#.#.....#..#.##.####
...........#.#.###.#..........#
.........#.#.#.###.#..####..###


You could see an orc wizard.

Vanquished Creatures
  Terence (D:2)
  3 adders
  An ooze (D:1)
  3 dart slugs
  3 leopard geckos
  4 orcs (D:3)
  8 giant cockroaches
  8 goblins
  9 hobgoblins
  2 jackals (D:1)
  A quokka (D:2)
  A ball python (D:2)
  7 bats
  4 frilled lizards
  2 kobolds
  14 rats
71 creatures vanquished.

Notes
Turn   | Place    | Note
-------+----------+-------------------------------------------
     0 | D:1      | grindst0ne the Kobold Berserker began the quest for the
                  | Orb.
     0 | D:1      | Reached XP level 1. HP: 14/14 MP: 1/1
    90 | D:1      | Reached XP level 2. HP: 17/19 MP: 2/2
   293 | D:1      | Reached ** piety under Trog
   326 | D:1      | Reached XP level 3. HP: 21/24 MP: 3/3
  1077 | D:1      | Reached XP level 4. HP: 29/29 MP: 4/4
  1185 | D:2      | Found an iron altar of Okawaru.
  1307 | D:2      | Reached skill level 5 in Short Blades
  1731 | D:2      | Noticed Terence
  1745 | D:2      | Killed Terence
  1745 | D:2      | Reached XP level 5. HP: 34/34 MP: 5/5
  1903 | D:2      | Found a glowing silver altar of Zin.
  2052 | D:3      | Reached *** piety under Trog
  2101 | D:2      | Killed from afar by an orc wizard

Skill      XL: |  1  2  3  4  5 |
---------------+----------------+-----
Dodging        | 3 4 |  4.1
Fighting       | 4 |  4.5
Short Blades   | 5 |  5.4
Armour         | |  1.5

Action                   |  1- 3 |  4- 6 || total
-------------------------+-------+-------++-------
Melee: Short sword       |   117 |   127 ||   244
Invok: Berserk           |     3 |     4 ||     7
  Use: Potion            |       |     4 ||     4
 Stab: Sleeping          |     2 |       ||     2
  Eat: Chunk             |    12 |     5 ||    17
Armor: Animal skin       |     4 |       ||     4
       Scale mail        |    20 |    57 ||    77
Dodge: Dodged            |    69 |   127 ||   196
